 Dungeon Crawl Stone Soup version 0.24.0-125-gc4c63601f3 (webtiles) character file.

Game seed: 17165492529138341716, levelgen mode: deterministic

55 Maxtimot the Sneak (level 4, -9/27 HPs)
             Began as a Kobold Assassin on Feb 23, 2020.
             Was an Initiate of Wu Jian.
             Killed by nerve-wracking pain
             ... invoked by an orc priest
              (11 damage)
             ... on level 3 of the Dungeon.
             The game lasted 00:11:15 (1114 turns).

Maxtimot the Sneak (Kobold Assassin)                Turns: 1114, Time: 00:11:16

Health: -9/27      AC:  4    Str:  5 (8)  XL:     4   Next: 14%
Magic:  4/4        EV: 14    Int: 10 (12) God:    Wu Jian [......]
Gold:   30         SH:  0    Dex: 15 (17) Spells: 3/3 levels left

rFire    . . .     SeeInvis .   a - +4 dagger
rCold    . . .     Gourm    .   (shield restricted)
rNeg     . . .     Faith    .   n - +0 robe
rPois    .         Spirit   .   (no helmet)
rElec    .         Reflect  .   c - +1 cloak
rCorr    .         Harm     .   (no gloves)
MR       .....                  (no boots)
Stlth    +++.......             (no amulet)
HPRegen  0.09/turn              (no ring)
MPRegen  0.09/turn              (no ring)

@: no status effects
A: small, carnivore
a: Renounce Religion


You were on level 3 of the Dungeon.
You worshipped Wu Jian.
Wu Jian was noncommittal.
You were not hungry.

You visited 1 branch of the dungeon, and saw 3 of its levels.

You collected 30 gold pieces.

Inventory:

Hand Weapons
 a - a +4 dagger (weapon)
 b - a +2 hand axe of freezing
Missiles
 d - 8 poisoned darts (quivered)
Armour
 c - a +1 cloak (worn)
 n - a +0 robe (worn)
Scrolls
 g - a scroll of immolation
 j - 3 scrolls of identify {unknown}
Potions
 h - a potion of haste {unknown}
 i - a potion of cancellation {unknown}
 k - a potion of might {unknown}
 o - a potion of mutation {unknown}
 p - a potion of lignification
Comestibles
 f - 5 rations


   Skills:
 + Level 2.4 Fighting
 + Level 3.1 Short Blades
 + Level 2.6 Throwing
 + Level 1.6 Dodging
 + Level 6.7 Stealth


You had 3 spell levels left.
You didn't know any spells.
Your spell library was empty.

Dungeon Overview and Level Annotations

Branches:
Dungeon (3/15)

Altars:
Vehumet
Wu Jian


Innate Abilities, Weirdness & Mutations

You are small and have problems with some larger weapons.
You are carnivorous and can eat meat at any time.


Message History

The orc priest is moderately wounded.
The orc misses you.
The orc priest invokes the aid of Beogh against you.
Pain shoots through your body! The orc closely misses you.
The orc priest calls down the wrath of Beogh upon you.
Beogh smites you!
* * * LOW HITPOINT WARNING * * *
You climb upwards.
There is a stone staircase leading down here.
You hit the orc priest.
The orc priest is moderately wounded.
The orc hits you but does no damage.
Okay, then.
The orc priest misses you. The orc misses you.
You climb downwards.
There is a stone staircase leading up here.
The orc priest invokes the aid of Beogh against you.
Pain shoots through your body!
You die...

##+##
##o@o##
#.....#
#...(...#
#.........#
+.........+
#.........#
##..(....##
.#.(...##
#.##...##


You could see an orc priest and an orc.

Vanquished Creatures
  An adder (D:2)
  2 worms (D:2)
  2 orcs (D:2)
  3 giant cockroaches
  6 goblins
  3 hobgoblins
  8 kobolds
  3 bats
  3 frilled lizards
  7 rats
38 creatures vanquished.

Notes
Turn   | Place    | Note
-------+----------+-------------------------------------------
     0 | D:1      | Maxtimot the Kobold Assassin began the quest for the Orb.
     0 | D:1      | Reached XP level 1. HP: 12/12 MP: 1/1
    61 | D:1      | Reached XP level 2. HP: 14/17 MP: 2/2
   272 | D:1      | Reached skill level 6 in Stealth
   573 | D:2      | Reached XP level 3. HP: 21/21 MP: 3/3
   679 | D:2      | Found an ornate altar of the Wu Jian Council.
   933 | D:2      | Found a radiant altar of Vehumet.
  1016 | D:2      | Became a worshipper of the Wu Jian Council
  1067 | D:2      | Reached XP level 4. HP: 27/27 MP: 4/4
  1109 | D:3      | HP: 1/27 [orc priest/divine providence (8)]
  1114 | D:3      | Killed from afar by an orc priest

Levels and vault maps discovered:
D:1:      minmay_arrival_arboretum_small, layout_basic, st_stairs_13,
          minmay_tetromino_t4
D:2:      layout_basic, lemuel_doored_altar, overflow_temple_1_default,
          first_ration
D:3:      layout_loops_corners, grunt_temple_overflow_open

Skill      XL: |  1  2  3 |
---------------+----------+-----
Stealth        | 6 |  6.7
Short Blades   | 3 |  3.1
Fighting       | |  2.4
Throwing       | |  2.6
Dodging        | |  1.6

Action                   |  1- 3 |  4- 6 || total
-------------------------+-------+-------++-------
Melee: Dagger            |   115 |    18 ||   133
Throw: Dart              |    10 |       ||    10
  Use: Scroll            |     6 |       ||     6
       Potion            |     4 |       ||     4
 Stab: Sleeping          |     4 |       ||     4
       Distracted        |     1 |       ||     1
  Eat: Ration            |       |     1 ||     1
Armor: Robe              |    19 |     2 ||    21
       Skin              |    27 |     7 ||    34
Dodge: Dodged            |    82 |     9 ||    91
